 Dungeon Crawl Stone Soup version 0.24-a0-613-g1ff6aac338 (webtiles) character file.

Game seed: 5070287234771100359, levelgen mode: deterministic

17 Masnef the Charmwright (level 2, 0/22 HPs)
             Began as a Merfolk Skald on Sept 10, 2019.
             Succumbed to an adder's poison
             ... on level 2 of the Dungeon.
             The game lasted 00:02:27 (1061 turns).

Masnef the Charmwright (Merfolk Skald)              Turns: 1061, Time: 00:02:27

Health: 0/22       AC:  2    Str: 11    XL:     2   Next: 62%
Magic:  4/5        EV: 12    Int: 12    God:
Gold:   62         SH:  0    Dex: 13    Spells: 2/5 levels left

rFire    . . .     SeeInvis .   a - +0 spear
rCold    + . .     Gourm    .   (no shield)
rNeg     . . .     Faith    .   b - +0 leather armour
rPois    .         Spirit   .   (no helmet)
rElec    .         Reflect  .   c - +0 cloak
rCorr    .         Harm     .   (no gloves)
MR       .....                  (no boots)
Stlth    +.........             (no amulet)
HPRegen  0.07/turn              (no ring)
MPRegen  0.09/turn              (no ring)

@: lethally poisoned (0 -> -8)
A: change form in water, swift swim, stealthy swim, cold resistance 1, deformed
body, no potion heal 1
a: no special abilities


You were on level 2 of the Dungeon.
You were not hungry.

You visited 1 branch of the dungeon, and saw 2 of its levels.

You collected 62 gold pieces.

Inventory:

Hand Weapons
 a - a +0 spear (weapon)
Armour
 b - a +0 leather armour (worn)
 c - a +0 cloak (worn)
Jewellery
 j - a cursed -3 ring of evasion {unknown}
Scrolls
 e - a scroll of identify {unknown}
 f - a scroll of noise {unknown}
 h - 2 scrolls of blinking {unknown}
 k - a scroll of teleportation {unknown}
Potions
 i - a potion of mutation
Comestibles
 d - 4 rations


   Skills:
 - Level 2.1 Fighting
 * Level 3.8 Polearms
 - Level 0.6 Armour
 - Level 2.6 Dodging
 - Level 2.0 Spellcasting
 + Level 3.9 Charms


You had 2 spell levels left.
You knew the following spells:

 Your Spells              Type           Power        Failure   Level  Hunger
a - Infusion              Chrm           ##..         8%          1    ##.....
b - Shroud of Golubria    Chrm/Tloc      #.....       24%         2    ###....

Your spell library contained the following spells:

 Spells                   Type           Power        Failure   Level  Hunger
 Song of Slaying          Chrm           ##......     11%         2    ###....
 Regeneration             Chrm/Necr      #.........   43%         3    ####...
 Spectral Weapon          Hex/Chrm       #.......     43%         3    ####...


Dungeon Overview and Level Annotations

Branches:
Dungeon (2/15)

Altars:

Annotations:
D:2 Sigmund


Innate Abilities, Weirdness & Mutations

You revert to your normal form in water.
You are very nimble and swift while swimming.
You are very stealthy in the water. (Stealth+)
Your flesh is cold resistant. (rC+)
Armour fits poorly on your strangely shaped body.
Potions are less effective at restoring your health.


Message History

You feel magically purged.
You are no longer magically infusing your attacks.
* * * LOW HITPOINT WARNING * * *
You feel sick. The adder barely misses you.
Unknown command.
Sorry, you're not good enough to have a special ability.
Sorry, you're not good enough to have a special ability.
Sorry, you're not good enough to have a special ability.
You hit the adder.
The adder is almost dead.
The adder bites you.
* * * LOW HITPOINT WARNING * * *
You are more poisoned.
The adder poisons you!
You hit the adder.
The adder is almost dead.
The adder barely misses you.
You miss the adder.
The adder is almost dead.
You die...

#.###.### . #.......#
.## #.....#.# ..#
#.#####.####### ..# #
#.#.....# ..#
#.#.###.# ..# #...#
#.# ..#
#############.# .<#
....w$..S@....#
..ggg..........#######
...............#
..g...........!#
>..............#
#..............#
#..............#
#.............$#
........#


You could see a worm and an adder.

Vanquished Creatures
  A dart slug (D:1)
  4 bats (D:1)
  5 hobgoblins (D:1)
  A kobold (D:1)
  A frilled lizard (D:1)
  2 rats (D:1)
14 creatures vanquished.

Notes
Turn   | Place    | Note
-------+----------+-------------------------------------------
     0 | D:1      | Masnef the Merfolk Skald began the quest for the Orb.
     0 | D:1      | Reached XP level 1. HP: 16/16 MP: 3/3
   346 | D:1      | Reached XP level 2. HP: 22/22 MP: 5/5
   722 | D:1      | Learned a level 2 spell: Shroud of Golubria
   979 | D:2      | Noticed Sigmund
  1057 | D:2      | Gained mutation: Potions are less effective at restoring
                  | your health. [potion of mutation]
  1057 | D:2      | Gained mutation: Armour fits poorly on your strangely
                  | shaped body. [potion of mutation]
  1057 | D:2      | Gained mutation: Your flesh is cold resistant. (rC+)
                  | [potion of mutation]
  1059 | D:2      | HP: 1/22 [adder (2)]
  1061 | D:2      | Succumbed to an adder's poison

Levels and vault maps discovered:
D:1:      dpeg_arrival_leaves_temple_mockup, layout_loops_corners,
          minmay_misc_feat_doors, roderic_filled_cross
D:2:      layout_basic, minmay_small_reverse_x, uniq_sigmund, uniq_jessica

Action                   || total
-------------------------++-------
Melee: Spear             ||    56
 Cast: Infusion          ||     2
  Use: Potion            ||     2
Armor: Leather armour    ||    12
Dodge: Dodged            ||    24

Table legend:
 A = Non-vault XP
 B = Vault XP
 C = Vault XP percentage of total XP
 D = Non-vault monster count
 E = Vault monster count
 F = Vault count percentage of total count
                 A         B        C        D         E       F
            +---------+---------+-------+---------+---------+-------
      Total |      25 |       0 |   0.0 |      14 |       0 |   0.0
            +---------+---------+-------+---------+---------+-------
        D:1 |      25 |       0 |   0.0 |      14 |       0 |   0.0
            +---------+---------+-------+---------+---------+-------
